 Dungeon Crawl Stone Soup version 0.14-a0-2080-ge317583 (webtiles) character file.

52513 ReteAZ the Martial Artist (level 13, -1/105 HPs)
             Began as a Demigod Earth Elementalist on Jan 24, 2014.
             Slain by a blink frog (14 damage)
             ... on Level 8 of the Lair of Beasts.
             The game lasted 02:27:31 (25771 turns).

ReteAZ the Martial Artist (DgEE)                   Turns: 25771, Time: 02:27:31

HP  -1/105       AC 21     Str 17      XL: 13   Next: 90%
MP  26/28        EV 19     Int 21      God:
Gold 832         SH 14     Dex 16      Spells:  4 memorised, 11 levels left

rFire  + + .     SeeInvis .       - Unarmed
rCold  . . .     Clarity  .     R - +3 leather armour {rF+}
rNeg   . . .     Conserve .     P - +0 dwarf buckler
rPois  .         rCorr    .     L - +0 hat
rElec  .         rRot     .     M - +1 elf cloak
SustAb . .       Spirit   .     (no gloves)
rMut   .         Warding  .     J - +2 pair of boots {rF+}
Gourm  +         Stasis   .     A - amulet of the gourmand
MR     +....                    p - +4 ring of protection
                                l - +0,+6 ring of slaying

@: stone skin, about to teleport, mildly poisoned, somewhat resistant to hostile
enchantments, stealthy
A: large bone plates 1, clumsy 1, herbivore 1
a: no special abilities


You were on level 8 of the Lair of Beasts.
You were very full.

You visited 2 branches of the dungeon, and saw 19 of its levels.
You also visited: Volcano.

You collected 1126 gold pieces.
You spent 294 gold pieces at shops.

Inventory:

Missiles
 b - 205 stones
 t - 10 tomahawks (quivered)
Armour
 c - a +2 orcish robe of resistance
 J - a +2 pair of boots of fire resistance (worn)
 L - a +0 hat (worn)
 M - a +1 elven cloak (worn)
 P - a +0 dwarven buckler (worn)
 R - a +3 leather armour of fire resistance (worn)
Magical devices
 g - a wand of lightning (6)
 n - a wand of paralysis (11)
 s - a wand of digging (18)
 y - a wand of polymorph (8)
 O - a wand of lightning (2)
 X - a wand of confusion (16)
 Z - a wand of teleportation (1)
Comestibles
 a - 4 bread rations
 f - 2 meat rations
 j - 3 chokos
 m - a lychee
 r - a sausage
 w - an orange
 D - 7 apples
 F - a rambutan
 G - 2 honeycombs
Scrolls
 h - a scroll of recharging
 k - 5 scrolls of teleportation
 z - 2 scrolls of enchant armour
 E - 10 scrolls of remove curse
 N - 5 scrolls of identify
Jewellery
 e - a +3 ring of evasion
 l - a +0,+6 ring of slaying (left hand)
 p - a +4 ring of protection (right hand)
 u - an uncursed ring of protection from magic
 v - an uncursed amulet of conservation
 A - an amulet of the gourmand (around neck)
 U - an uncursed ring of flight
Potions
 i - a potion of might
 q - 4 potions of curing
 x - 4 potions of brilliance
 H - a potion of porridge
 K - a potion of berserk rage
 Q - a potion of lignification
Books
 d - a book of Geomancy

   Spells                             Type                      Level
   *Sandblast                         Earth                        1
   *Stoneskin                         Transmutation/Earth          2
   Passwall                           Transmutation/Earth          3
   *Stone Arrow                       Conjuration/Earth            3
   Petrify                            Transmutation/Earth          4
   *Lee's Rapid Deconstruction        Earth                        5
 B - a book of the Sky

   Spells                             Type                      Level
   Flight                             Charms/Air                   3
   Airstrike                          Air                          4
   Silence                            Hexes/Air                    5
   Deflect Missiles                   Charms/Air                   6
   Conjure Ball Lightning             Conjuration/Air              6
   Tornado                            Air                          9
 I - a book of Frost

   Spells                             Type                      Level
   Freeze                             Ice                          1
   Throw Frost                        Conjuration/Ice              2
   Ozocubu's Armour                   Charms/Ice                   3
   Throw Icicle                       Conjuration/Ice              4
   Summon Ice Beast                   Ice/Summoning                4
   Condensation Shield                Ice                          4
 W - a book of Beasts

   Spells                             Type                      Level
   Summon Butterflies                 Summoning                    1
   Sticks to Snakes                   Transmutation                2
   Call Canine Familiar               Summoning                    3
   Ice Form                           Ice/Transmutation            4
   Summon Ice Beast                   Ice/Summoning                4
   Summon Hydra                       Summoning                    7
 Y - a book of Ice

   Spells                             Type                      Level
   Freezing Aura                      Charms/Ice                   2
   Ensorcelled Hibernation            Hexes/Ice                    2
   Ozocubu's Refrigeration            Ice                          6
   Bolt of Cold                       Conjuration/Ice              6
   Freezing Cloud                     Conjuration/Ice/Air          6
   Metabolic Englaciation             Hexes/Ice                    6
   Simulacrum                         Ice/Necromancy               6


   Skills:
 - Level 7.0 Fighting
 - Level 11.2 Dodging
 - Level 1.7 Stealth
 - Level 5.6 Shields
 + Level 14.3 Unarmed Combat
 - Level 5.0 Spellcasting
 - Level 0.8 Transmutations
 - Level 10.1 Earth Magic


You had 11 spell levels left.
You knew the following spells:

 Your Spells              Type           Power        Failure   Level  Hunger
a - Sandblast             Erth           #####.       1%          1    None
b - Stoneskin             Trmt/Erth      ####......   1%          2    None
c - Stone Arrow           Conj/Erth      ####..       4%          3    ##.....
d - Lee's Rapid Deconstr  Erth           #####.....   6%          5    #####..


Dungeon Overview and Level Annotations

Branches:
Dungeon (11/16)            Temple (0/1) D:7            Lair (8/8) D:8
 Shoals (0/5) Lair:5        Snake (0/5) Lair:3
    Orc: D:9-12       Slime: Lair:6-8

Shops:
D:5 =   D:9 =

Annotations:
D:2 Terence
Lair:8 exclusion: oklob plant


Innate Abilities, Weirdness & Mutations

You are partially covered in large bone plates (AC +2, SH +2).
You are clumsy. (Dex -2)
You digest meat inefficiently.


Message History

The blink frog hits you!
* * * LOW HITPOINT WARNING * * *
The blink frog misses you.
You are too injured to fight recklessly!
You are too injured to fight recklessly!
You are too injured to fight recklessly!
You are too injured to fight recklessly!
You are too injured to fight recklessly!
Read which item? (? for menu, Esc to quit)
As you read the scroll of teleportation, it crumbles to dust.
You feel strangely unstable. The blink frog misses you.
Casting: Stoneskin
Confirm with . or Enter, or press ? or * to list all spells.
Your skin hardens.
The blink frog blinks!
You block the blink frog's attack. The blink frog hits you!
* * * LOW HITPOINT WARNING * * *
The blink frog misses you. You block the blink frog's attack.
The blink frog hits you!
You die...

,***,** *,,<,...,,,,,,,,,,,,,**
***,,,*****,.........,,,,,,,*****
*,,,,,,,,,............,,,,,*****
**,,,,,,,#...f.........,,,,*****
*,,,,,,,,......f.......,,,♣♣♣♣♣
**,,,,,.#,#...ff........,,..♣♣♣
*,*,,,,...#.............,....♣.
**,,,,...#..............,....♣.
****,,,........@...........,♣♣♣.
*,*,*,,.....PjFFF§.........,#♣#.
**,,,,,...P.................#f..
**,,,,,,,........<..........###..
*,*,,,,,,..................#.....
**,,,,,,,......P..........P......
**,,,,,,,...........F...........
* *,,,,,,,,##....................
***,,,,,,,,,#....................


You could see a giant slug and 4 blink frogs.

Vanquished Creatures
  2 hydras
  9 death yaks
  Nergalle (Lair:1)
  A catoblepas (Lair:2)
  2 griffons (Lair:7)
  7 elephants
  10 black mambas
  A queen ant (Lair:7)
  9 spiny frogs
  4 komodo dragons
  A polar bear (Lair:3)
  8 fire drakes
  2 trolls (D:9)
  Sonja (D:10)
  23 blink frogs
  Prince Ribbit (D:4)
  A grizzly bear (Lair:3)
  4 basilisks
  8 sharks
  26 yaks
  Eustachio (D:8)
  An elephant slug (Lair:5)
  A wraith (D:10)
  3 steam dragons
  A hill giant skeleton (D:8)
  2 hungry ghosts (D:9)
  10 wolves
  3 hippogriffs
  A deep elf fighter (Volcano)
  Edmund (D:8)
  20 soldier ants (Lair:7)
  9 porcupines
  3 orc warriors
  4 phantoms
  A mottled dragon (Lair:5)
  4 sky beasts
  A black bear (Lair:3)
  4 centaurs
  A dwarf (D:7)
  3 ice beasts
  4 giant goldfish
  11 crocodiles
  A big kobold (D:10)
  Sigmund (D:4)
  8 giant slugs
  2 ogres
  A brain worm (Lair:6)
  14 giant frogs
  6 agate snails
  16 water moccasins
  A cyclops skeleton (D:10)
  6 killer bees (D:9)
  6 wights
  A yak skeleton (D:8)
  A hippogriff skeleton (D:8)
  4 electric eels
  4 jellyfish (Lair:5)
  6 crimson imps
  A gnoll shaman (D:4)
  A giant frog skeleton (D:9)
  4 jellies
  6 orc priests
  4 hounds
  A quasit (D:10)
  A big fish (Lair:2)
  4 orange rats (Lair:5)
  29 worker ants
  4 scorpions
  5 iguanas
  12 orc wizards
  A sheep (Lair:8)
  Ijyb (D:2)
  Jessica (D:3)
  An ogre skeleton (D:5)
  A hound skeleton (D:5)
  A mummy (D:7)
  14 adders
  9 gnolls (D:4)
  17 green rats
  3 giant centipedes
  6 giant mites
  3 worms
  An iguana skeleton (D:9)
  An adder skeleton (D:6)
  An adder zombie (D:9)
  A giant eyeball (D:6)
  38 orcs
  2 ball pythons
  27 bats
  A bat skeleton (D:4)
  5 giant cockroaches
  21 hobgoblins
  31 jackals
  12 quokkas
  14 giant geckos
  5 giant newts
  6 goblins
  A goblin skeleton (D:5)
  20 kobolds
  A kobold skeleton (D:6)
  21 rats
  A rat skeleton (D:5)
  7 ballistomycetes (D:7)
  A plant (D:8)
636 creatures vanquished.

Vanquished Creatures (others)
  2 two-headed ogres (Volcano)
  A hog (Volcano)
  2 centaurs (Volcano)
  A quokka (D:4)
  A giant spore (D:7)
  A rat (D:4)
  4 fungi
  3 plants (Lair:2)
15 creatures vanquished.

Grand Total: 651 creatures vanquished

Notes
Turn   | Place    | Note
--------------------------------------------------------------
     0 | D:1      | ReteAZ, the Demigod Earth Elementalist, began the quest for the Orb.
     0 | D:1      | Reached XP level 1. HP: 14/14 MP: 3/3
   858 | D:1      | Reached skill level 3 in Earth Magic
  1115 | D:2      | Reached XP level 2. HP: 20/20 MP: 3/5
  1128 | D:2      | Noticed Ijyb
  1149 | D:2      | Killed Ijyb
  1250 | D:2      | Learned a level 2 spell: Stoneskin
  1560 | D:2      | Reached XP level 3. HP: 24/26 MP: 6/8
  1583 | D:2      | Noticed Terence
  2068 | D:2      | Found an ancient bone altar of Kikubaaqudgha.
  2955 | D:3      | Found a sparkling altar of Nemelex Xobeh.
  3022 | D:3      | Reached XP level 4. HP: 26/33 MP: 4/11
  3116 | D:3      | Reached skill level 4 in Earth Magic
  3613 | D:3      | Noticed Jessica
  3629 | D:3      | Killed Jessica
  4042 | D:3      | Found a shadowy altar of Dithmengos.
  4115 | D:3      | Gained mutation: You are clumsy. (Dex -2) [potion of mutation]
  4115 | D:3      | Gained mutation: You are partially covered in large bone plates (AC +2, SH +2). [potion of mutation]
  4115 | D:3      | Gained mutation: You digest meat inefficiently. [potion of mutation]
  4262 | D:4      | Noticed Sigmund
  4298 | D:4      | Reached XP level 5. HP: 38/38 MP: 9/14
  4310 | D:4      | Killed Sigmund
  4310 | D:4      | Reached skill level 5 in Earth Magic
  4629 | D:4      | Reached XP level 6. HP: 23/45 MP: 10/16
  4869 | D:4      | Reached skill level 6 in Earth Magic
  4918 | D:4      | HP: 2/45 [gnoll/flail (6)]
  4978 | D:4      | Noticed Prince Ribbit
  5107 | D:4      | Found a snail-covered altar of Cheibriados.
  5151 | D:4      | Found a white marble altar of Elyvilon.
  5329 | D:4      | Found a glowing silver altar of Zin.
  5570 | D:4      | Killed Prince Ribbit
  5675 | D:4      | Reached XP level 7. HP: 36/50 MP: 16/18
  5858 | D:4      | Found a glowing golden altar of the Shining One.
  5922 | D:4      | Learned a level 3 spell: Stone Arrow
  6071 | D:5      | Entered Level 5 of the Dungeon
  6413 | D:5      | Found a blossoming altar of Fedhas.
  6414 | D:5      | Found Jyhestom's Jewellery Boutique.
  6850 | D:6      | Paralysed by a giant eyeball for 3 turns
  7149 | D:6      | Reached XP level 8. HP: 49/57 MP: 20/20
  7648 | D:6      | Reached skill level 5 in Dodging
  7833 | D:7      | Found a staircase to the Ecumenical Temple.
  7940 | D:7      | Reached skill level 5 in Shields
  8236 | D:7      | Reached skill level 7 in Earth Magic
  8898 | D:8      | Reached skill level 8 in Earth Magic
  9047 | D:8      | Found a radiant altar of Vehumet.
  9138 | D:8      | Reached XP level 9. HP: 42/62 MP: 2/21
  9347 | D:9      | Reached skill level 9 in Earth Magic
  9494 | D:9      | Found Ohacafes' Jewellery Emporium.
  9502 | D:9      | Bought a +3 ring of evasion for 294 gold pieces
  9692 | D:9      | Reached skill level 1 in Unarmed Combat
 10256 | D:9      | Reached skill level 5 in Unarmed Combat
 10294 | D:9      | Got a jewelled battleaxe
 10437 | D:9      | Reached skill level 1 in Fighting
 10448 | D:9      | Identified the +3,+9 battleaxe of Trauma {freeze, rF+ rN+ Dex+3 Int+2 SInv} (You found it on level 9 of the Dungeon)
 10969 | D:10     | Entered Level 10 of the Dungeon
 10997 | D:10     | Noticed Sonja
 11014 | D:10     | Killed Sonja
 11014 | D:10     | Reached XP level 10. HP: 51/77 MP: 18/22
 11280 | D:10     | Reached skill level 5 in Spellcasting
 11280 | D:10     | Reached skill level 10 in Earth Magic
 11280 | D:10     | Reached XP level 11. HP: 68/83 MP: 22/26
 11774 | D:11     | Paralysed by a giant eyeball for 4 turns
 12008 | D:8      | Noticed Eustachio
 12029 | D:8      | Killed Eustachio
 12179 | D:8      | Found a snail-covered altar of Cheibriados.
 12240 | D:8      | Noticed Edmund
 12259 | D:8      | Killed Edmund
 12419 | D:8      | Found a staircase to the Lair.
 12689 | D:8      | Reached skill level 10 in Unarmed Combat
 13707 | Lair:1   | Entered Level 1 of the Lair of Beasts
 14027 | Lair:1   | Reached skill level 11 in Unarmed Combat
 14462 | Lair:1   | Paralysed by a potion of paralysis for 2 turns
 14807 | Lair:1   | Noticed Nergalle
 14902 | Lair:1   | Killed Nergalle
 15874 | Lair:2   | Reached skill level 12 in Unarmed Combat
 16014 | Lair:2   | Reached XP level 12. HP: 74/91 MP: 0/27
 16042 | Lair:2   | Noticed a catoblepas
 16183 | Lair:2   | Killed a catoblepas
 17592 | Lair:3   | Reached skill level 13 in Unarmed Combat
 17624 | Lair:3   | Found a staircase to the Snake Pit.
 18188 | Lair:3   | Found a dark tunnel.
 18204 | Volcano  | Entered a volcano
 18884 | Lair:3   | Noticed an eight-headed hydra
 18998 | Lair:3   | Reached skill level 14 in Unarmed Combat
 19413 | Lair:4   | Noticed a four-headed hydra
 19422 | Lair:4   | Killed a four-headed hydra
 20509 | Lair:5   | Reached skill level 5 in Fighting
 20862 | Lair:5   | Reached XP level 13. HP: 63/101 MP: 23/28
 20964 | Lair:5   | Found a staircase to the Shoals.
 21676 | Lair:5   | Learned a level 5 spell: Lee's Rapid Deconstruction
 23661 | Lair:7   | Reached skill level 10 in Dodging
 25308 | Lair:8   | Entered Level 8 of the Lair of Beasts
 25771 | Lair:8   | Slain by a blink frog

Action                   |  1- 3 |  4- 6 |  7- 9 | 10-12 | 13-15 || total
-------------------------+-------+-------+-------+-------+-------++-------
Melee: Unarmed           |    30 |       |   187 |  1120 |   672 ||  2009
       Dagger            |    90 |    44 |       |       |       ||   134
       Hand axe          |       |    26 |   345 |       |       ||   371
       Spear             |       |   112 |    38 |       |       ||   150
       Battleaxe         |       |       |    41 |       |       ||    41
Throw: Tomahawk          |     6 |     7 |    27 |    13 |     1 ||    54
       Throwing net      |     1 |       |       |       |       ||     1
 Cast: Sandblast         |    74 |   108 |   123 |   121 |    14 ||   440
       Stoneskin         |     3 |     5 |     5 |    15 |    10 ||    38
       Stone Arrow       |       |       |    60 |   108 |    27 ||   195
Evoke: Wand              |       |     2 |     3 |    12 |    13 ||    30
  Use: Scroll            |     6 |     5 |     8 |     7 |     7 ||    33
       Potion            |       |    10 |     3 |     8 |     8 ||    29
 Stab: Sleeping          |     2 |     1 |     3 |    12 |     2 ||    20
       Distracted        |       |       |       |     2 |       ||     2
